 Dungeon Crawl Stone Soup version 0.31-a0-182-gc5ef74bbde (webtiles) character file.

Game seed: 1884236290817664975

29 mopl the Magician (level 3, -1/21 HPs)
             Began as an Octopode Hedge Wizard on June 20, 2023.
             Succumbed to an adder's poison
             ... on level 1 of the Dungeon.
             The game lasted 00:01:18 (812 turns).

mopl the Magician (Octopode Hedge Wizard)            Turns: 812, Time: 00:01:19

Health: -1/21      AC:  1    Str:  9    XL:     3   Next: 16%
Magic:  3/7        EV: 13    Int: 18    God:
Gold:   68         SH:  0    Dex: 11    Spells: 2/8 levels left

rFire   . . .        a - +0 dagger
rCold   . . .        (no shield)
rNeg    . . .        b - +0 hat
rPois   .            (no amulet)
rElec   .            (no ring)
rCorr   .            (no ring)
SInv    .            (no ring)
Will    .....        (no ring)
Stlth   +++          (no ring)
HPRegen 0.23/turn    (no ring)
MPRegen 0.10/turn    (no ring)
                     (no ring)

%: no passive effects
@: lethally poisoned (-1 -> -10)
A: almost no armour, amphibious, 8 rings, camouflage 1, gelatinous body 1,
(nimble swimmer 1), tentacles
a: no special abilities


You were on level 1 of the Dungeon.
You visited 1 branch of the dungeon, and saw 2 of its levels.

You collected 68 gold pieces.

Inventory:

Hand Weapons
 a - a +0 dagger (weapon)
Armour
 b - a +0 hat (worn)
Scrolls
 d - 2 scrolls of fear {unknown}
 e - 2 scrolls of identify {unknown}
 f - a scroll of immolation {unknown}
 g - 2 scrolls of amnesia {unknown}
Potions
 c - a potion of magic
 h - 2 potions of heal wounds {unknown}
 i - 2 potions of enlightenment {unknown}


   Skills:
 - Level 2.0 Dodging
 - Level 2.6 Stealth
 + Level 3.3 Spellcasting
 + Level 1.8 Conjurations
 - Level 1.0 Summonings
 + Level 1.8 Translocations
 + Level 0.0 Poison Magic


You had 2 spell levels left.
You knew the following spells:

 Your Spells              Type           Power      Damage    Failure   Level
a - Magic Dart            Conj           36%        1d4       8%          1
c - Mephitic Cloud        Conj/Pois/Air  5%         N/A       36%         3
e - Blink                 Tloc           18%        N/A       11%         2

Your spell library contained the following spells:

 Spells                   Type           Power      Damage    Failure   Level
 Slow                     Hex            12%        N/A       16%         1
 Call Imp                 Summ           12%        N/A       16%         2
 Cigotuvi's Dreadful Rot  Necr/Pois/Air  6%         N/A       24%         2


Dungeon Overview and Level Annotations

Branches:
Dungeon (2/15)

Altars:


Innate Abilities, Weirdness & Mutations

You cannot wear most types of armour.
You are amphibious.
You can wear up to eight rings at the same time.
Your skin changes colour to match your surroundings (Stealth+).
Your rubbery body absorbs attacks. (AC +1, EV +1)
((You are camouflaged when in or above water. (Stealth+)))
You have tentacles for arms and can constrict up to eight enemies at once.


Message History

There is a stone staircase leading up here.
This spell is astonishingly dangerous to cast!
Memorise Mephitic Cloud, consuming 3 spell levels and leaving 2?
You start memorising the spell.
You continue memorising. x3
You finish memorising.
Spell assigned to 'b'.
Adjust (i)tems, (s)pells, or (a)bilities?
Adjust which spell? b - Mephitic Cloud Adjust to which letter? c - Mephitic Cloud An adder comes into view.
The adder hisses angrily.
An adder is nearby!
A goblin comes into view. It is wielding a +0 dagger.
An adder comes into view.
The magic dart hits the adder.
The adder is moderately wounded.
The adder hisses angrily.
The magic dart hits the adder.
The adder is moderately wounded.
The magic dart hits the adder.
The adder is heavily wounded.
The adder bites you.
The magic dart hits the adder but does no damage.
The adder is heavily wounded.
The goblin shouts!
The adder bites you.
You are poisoned.
The adder poisons you! The adder bites you. The adder attacks as you move away!
The adder barely misses you.
You feel sick. The adder attacks as you move away! The adder bites you.
You feel sick.
There is a stone staircase leading up here.
You feel sick. The adder bites you.
* * * LOW HITPOINT WARNING * * *
The adder barely misses you. The adder bites you.
* * * LOW HITPOINT WARNING * * *
You are more poisoned.
The adder poisons you!
You climb upwards.
You die...

###########.#.#.# #.
..............#)# #.
#####'#########.# ########## #.
....#.# #......# ##........###.
#####'####.#########...........#.
#..#....# #...#.##.#....#.
#.###.#.# #....#..#.....#. #.#
#.#.#######.#.#.##.#......
####.###.#.....S@..#.#.##)#....##
.........#########.#..#..#.....#
########## #...#.##.#....#
###........#### ##########


You could see an adder.

Vanquished Creatures
  2 dart slugs (D:1)
  3 bats (D:1)
  A giant cockroach (D:1)
  2 goblins (D:1)
  3 hobgoblins (D:1)
  4 jackals (D:1)
  2 kobolds (D:1)
  3 ball pythons (D:1)
  2 rats (D:1)
22 creatures vanquished.

Notes
Turn   | Place    | Note
-------+----------+-------------------------------------------
     0 | D:1      | mopl the Octopode Hedge Wizard began the quest for the Orb.
     0 | D:1      | Reached XP level 1. HP: 11/11 MP: 4/4
   127 | D:1      | Reached XP level 2. HP: 10/17 MP: 6/6
   130 | D:1      | Learned a level 2 spell: Blink
   537 | D:1      | Reached XP level 3. HP: 10/21 MP: 5/7
   803 | D:2      | Learned a level 3 spell: Mephitic Cloud
   811 | D:2      | HP: 1/21 [adder (2)]
   812 | D:1      | Succumbed to an adder's poison

Illustrated notes

Levels and vault maps discovered:
D:1:      matt_arrival_los_fun, layout_loops_ring, minmay_small_reverse_x
D:2:      layout_rooms, hellmonk_ecumenical_altar_leap_of_faith, uniq_natasha

Action                     || total
---------------------------++-------
  Melee: Dagger            ||    46
         Constrict         ||    13
         Tentacles         ||     5
   Cast: Magic Dart        ||    23
   Stab: Sleeping          ||     3
 Armour: Skin              ||     3
  Dodge: Dodged            ||    41

Table legend: (Time is in decaauts)
 A = Elapsed time spent in this place.
 B = Non-inter-level travel time spent in this place.
 C = Inter-level travel time spent in this place.
 D = Time resting spent in this place.
 E = Time spent auto-exploring this place.
 F = Levels seen in this place.
 G = Mean time per level.
                   A        B        C        D        E       F      G
               +--------+--------+--------+--------+--------+-----+--------+
         Total |    811 |    784 |     27 |      0 |    614 |   2 |  405.5 |
       Dungeon |    811 |    784 |     27 |      0 |    614 |   2 |  405.5 |
               +--------+--------+--------+--------+--------+-----+--------+

Top non-repeatable levels by time:
     D:1: 798 daAuts
     D:2: 13 daAuts
